 Dungeon Crawl Stone Soup version 0.21-a0-442-g848f44b (console) character file.

18 zero the Chopper (level 2, 0/19 HPs)
             Began as a Gargoyle Berserker on Nov 15, 2017.
             Was a Follower of Trog.
             Slain by Sigmund
             ... wielding a +0 scythe
              (9 damage)
             ... on level 2 of the Dungeon.
             The game lasted 00:00:21 (1361 turns).

zero the Chopper (Gargoyle Berserker)               Turns: 1361, Time: 00:00:22

Health: 0/19       AC:  4    Str: 20    XL:     2   Next: 70%
Magic:  2/2        EV: 12    Int:  7    God:    Trog [*.....]
Gold:   41         SH:  0    Dex:  9    Spells: 1/1 levels left

rFire    . . .     SeeInvis .   Y - +0 hand axe
rCold    . . .     Gourm    .   (no shield)
rNeg     + . .     Faith    .   b - +0 animal skin
rPois    ∞         Spirit   .   (no helmet)
rElec    +         Reflect  .   (no cloak)
rCorr    .         Harm     .   (no gloves)
MR       .....                  (no boots)
Stlth    +.........             (no amulet)
HPRegen  0.06/turn              (no ring)
MPRegen  0.08/turn              (no ring)

@: berserk cooldown, slowed, very slow
A: negative energy resistance 1, electricity resistance, unbreathing,
petrification resistance, rot immunity, AC +2
a: Berserk, Burn Spellbooks, Renounce Religion


You were on level 2 of the Dungeon.
You worshipped Trog.
Trog was aware of your devotion.
You were not hungry.

You visited 1 branch of the dungeon, and saw 2 of its levels.

You collected 41 gold pieces.


Innate Abilities, Weirdness & Mutations

You are resistant to torment.
Your stone body is resilient. (AC +2)
You are immune to poison.
You resist negative energy. (rN+)
You are resistant to electric shocks. (rElec)
You can survive without breathing.
You are immune to petrification.
You are immune to rotting.


   Skills:
 - Level 3.2 Fighting
 + Level 3.5 Axes
 - Level 2.1 Armour
 - Level 1.5 Dodging


You had one spell level left.
You didn't know any spells.

Inventory:

Hand Weapons
 c - a +0 whip
 Y - a +0 hand axe (weapon)
Armour
 b - a +0 animal skin (worn)
Jewellery
 h - an uncursed amulet of guardian spirit {unknown}
Scrolls
 a - a scroll of remove curse
Potions
 f - a potion of agility {unknown}
 g - a potion of curing {unknown}
 i - a potion of resistance {unknown}
Comestibles
 d - 2 chunks of flesh
 e - a bread ration
 j - a meat ration

Dungeon Overview and Level Annotations

Branches:
Dungeon (2/15)

Altars:

Annotations:
D:2 Sigmund


Message History

Sigmund is moderately wounded.
You hit Sigmund.
Sigmund is moderately wounded.
Sigmund hits you with a scythe.
You slash Sigmund!
Sigmund is severely wounded.
You barely miss Sigmund.
Sigmund is severely wounded.
Sigmund barely misses you.
You closely miss Sigmund.
Sigmund is severely wounded.
You closely miss Sigmund.
Sigmund is severely wounded.
You are no longer berserk.
You are exhausted.
You feel yourself slow down. Sigmund closely misses you.
You closely miss Sigmund.
Sigmund is severely wounded.
Sigmund hits you with a scythe!
You die...

..... .# ...
###+###.#.##.# ...
........#..#.# #..
.......)#....# #.#
.......<#....# #.#
######.......###.#
#.........#.#
#..#....#.#.#
#..#........####..
.............<......
.......)....@........
####.##.#####@##.##...
... #.. ..# .# .# ...
#.. .... .. .. #.
...... .. .....##.##.
###.... ###.#


You could see Sigmund.

Vanquished Creatures
  A dart slug (D:1)
  2 leopard geckos (D:1)
  2 bats (D:1)
  A giant cockroach (D:2)
  A hobgoblin (D:1)
  A frilled lizard (D:1)
  3 goblins (D:1)
  4 kobolds
15 creatures vanquished.

Notes
Turn   | Place    | Note
-------+----------+-------------------------------------------
     0 | D:1      | zero the Gargoyle Berserker began the quest for the Orb.
     0 | D:1      | Reached XP level 1. HP: 14/14 MP: 1/1
     0 | D:1      | 0 ||| counter = 20
   161 | D:1      | Reached skill level 3 in Axes
   368 | D:1      | Reached XP level 2. HP: 17/19 MP: 2/2
   771 | D:1      | 771 ||| INVOKING Berserk.
   943 | D:1      | 943 ||| EATING 2 bread rations.
  1198 | D:1      | 1198 ||| READING 2 scrolls labeled BOC ZEREGADD.
  1199 | D:1      | 1199 ||| UPGRADING to whip.
  1200 | D:1      | 1200 ||| SWAPPING to +0 hand axe.
  1201 | D:1      | 1201 ||| READING scroll labeled UCIEFA SEASM.
  1223 | D:2      | 1223 ||| STAIRDANCE
  1232 | D:2      | 1232 ||| STAIRDANCE
  1347 | D:2      | Noticed Sigmund
  1349 | D:2      | 1349 ||| INVOKING Berserk.
  1361 | D:2      | Slain by Sigmund

Vault maps used:
D:1:      roderic_crossed_star, minmay_tripent
D:2:      gammafunk_temple_overflow_elements, marbit_many_paths, uniq_sigmund,
          uniq_jessica, uniq_natasha

Skill      XL: |  1 |
---------------+----+-----
Axes           | 3 |  3.5
Fighting       | |  3.2
Armour         | |  2.1
Dodging        | |  1.5

Action                   || total
-------------------------++-------
Melee: Hand axe          ||    85
Invok: Berserk           ||     2
  Use: Scroll            ||     2
  Eat: Bread ration      ||     1
Armor: Animal skin       ||    29
Dodge: Dodged            ||    69

Table legend:
 A = Spawn XP
 B = Non-spawn XP
 C = Spawn XP percentage of total XP
 D = Spawn monster count
 E = Non-spawn monster count
 F = Spawn count percentage of total count
 G = Total turns spent on level
                    A         B        C        D         E        F      G
               +---------+---------+-------+---------+---------+-------+---------
         Total |       0 |      27 |   0.0 |       0 |      15 |   0.0 |  1361
               +---------+---------+-------+---------+---------+-------+---------
           D:1 |       0 |      24 |   0.0 |       0 |      13 |   0.0 |  1264
           D:2 |       0 |       3 |   0.0 |       0 |       2 |   0.0 |    97
               +---------+---------+-------+---------+---------+-------+---------
